 Dungeon Crawl Stone Soup version 0.27.1-1-g398f81649c (webtiles) character file.

Game seed: 9770921301432309098

148 Spurlaut the Skirmisher (level 5, -9/48 HPs)
             Began as a Minotaur Berserker on Sept 18, 2021.
             Was a Believer of Trog.
             Mangled by a two-headed ogre (17 damage)
             ... on level 4 of the Dungeon.
             The game lasted 00:09:12 (3341 turns).

Spurlaut the Skirmisher (Minotaur Berserker)        Turns: 3341, Time: 00:09:13

Health: -9/48      AC:  6    Str: 23    XL:     5   Next: 8%
Magic:  4/4        EV: 10    Int:  4    God:    Trog [**....]
Gold:   154        SH:  0    Dex:  9    Spells: 4/4 levels left

rFire    . . .     SeeInvis .   a - +0 hand axe
rCold    . . .     Faith    .   (no shield)
rNeg     . . .     Spirit   .   t - +0 scale mail
rPois    .         Reflect  .   (helmet restricted)
rElec    .         Harm     .   (no cloak)
rCorr    .         Rampage  .   (no gloves)
Will     .....                  (no boots)
Stlth    ..........             (no amulet)
HPRegen  0.16/turn              (no ring)
MPRegen  0.09/turn              (no ring)

@: no status effects
A: horns 2, retaliatory headbutt
a: Renounce Religion, Berserk, Trog's Hand


You were on level 4 of the Dungeon.
You worshipped Trog.
Trog was pleased with you.
You visited 1 branch of the dungeon, and saw 4 of its levels.

You collected 154 gold pieces.

Inventory:

Hand Weapons
 a - a +0 hand axe (weapon)
Missiles
 g - 117 stones (quivered)
 l - 15 arrows
 m - 43 poisoned darts
 q - 23 sling bullets
Armour
 b - a +0 animal skin
 h - a +0 leather armour
 t - a +0 scale mail (worn)
Jewellery
 y - an amulet of the acrobat
Scrolls
 c - 2 scrolls of identify {unknown}
 d - 3 scrolls of fear {unknown}
 e - 2 scrolls of silence {unknown}
 f - a scroll of brand weapon {unknown}
 i - a scroll of amnesia {unknown}
 n - a scroll of holy word {unknown}
 p - a scroll of fog {unknown}
 s - 4 scrolls of teleportation {unknown}
 v - a scroll of vulnerability {unknown}
 w - a scroll of enchant armour {unknown}
Potions
 j - a potion of haste {unknown}
 k - a potion of curing {unknown}
 o - 2 potions of cancellation {unknown}
 r - a potion of magic {unknown}
 u - a potion of brilliance {unknown}
 x - a potion of attraction {unknown}


   Skills:
 + Level 5.1 Fighting
 + Level 5.0 Axes
 + Level 3.1 Armour
 + Level 2.8 Dodging
 + Level 1.0 Stealth


You had 4 spell levels left.
You didn't know any spells.
Your spell library contained the following spells:

 Spells                   Type           Power      Damage    Failure   Level
 Pain                     Necr           0%         1d4       82%         1
 Agony                    Necr           0%         N/A       100%        5
 Excruciating Wounds      Necr           0%         N/A       100%        5


Dungeon Overview and Level Annotations

Branches:
Dungeon (4/15)
 Temple: D:4-7

Altars:
Hepliaklqana
Ru
Trog
Xom

Annotations:
D:4 1 runed translucent door, Crazy Yiuf


Innate Abilities, Weirdness & Mutations

You have a pair of horns on your head.
You reflexively headbutt those who attack you in melee.


Message History

Your scale mail prevents you from hitting the hound skeleton.
You headbutt the hound skeleton, but do no damage.
The hound skeleton is almost destroyed.
The hound skeleton bites you.
You hit the hound skeleton. You headbutt the hound skeleton.
You destroy the hound skeleton!
Trog accepts your kill.
You hit the endoplasm. The endoplasm freezes you.
You are frozen.
Your Axes skill increases to level 5!
You have reached level 5!
You hit the endoplasm.
You kill the endoplasm!
Trog accepts your kill.
Your Stealth skill increases to level 1!
s - 4 scrolls labelled ERITIT LEF YPIEKH (gained 1)
There is a stone staircase leading down here.
y - an amulet of the acrobat
There are no items here.
There is a stone staircase leading down here.
A two-headed ogre comes into view. It is wielding two +0 giant clubs.
The two-headed ogre shouts in stereo!
Found 23 stones.
A hound comes into view.
The hound barks!
You see here a fizzy sapphire potion.
You slash the two-headed ogre!
The two-headed ogre is lightly wounded.
The two-headed ogre hits you with a +0 giant club!!
Ouch! That really hurt!
The two-headed ogre hits you with a +0 giant club!
* * * LOW HITPOINT WARNING * * *
The hound bites you but does no damage.
You hit the two-headed ogre but do no damage.
The two-headed ogre is lightly wounded.
You hit the hound but do no damage. The hound bites you.
* * * LOW HITPOINT WARNING * * *
The two-headed ogre hits you with a +0 giant club!
You die...

♣.# ......... ...#.
......... .(...
.........
#...##.......# #
#...........##
#.##...........
...#....h....#
....... #.....@O...#
....... #.#...!...##
....... ##......##
....... #.......###
.....>. ##........##
.........
###.......##.........
##.............##..
#####.........####...
#....................


You could see a two-headed ogre and a hound.

Vanquished Creatures
  Jessica (D:2)
  A hound skeleton (D:4)
  3 gnolls (D:2)
  2 adders
  An adder skeleton (D:4)
  2 orcs (D:3)
  9 ball pythons
  2 bats
  4 endoplasms
  4 giant cockroaches
  4 goblins
  7 hobgoblins
  2 quokkas (D:1)
  A frilled lizard (D:2)
  8 kobolds
  4 rats
55 creatures vanquished.

Vanquished Creatures (others)
  5 fungi (D:4)
5 creatures vanquished.

Grand Total: 60 creatures vanquished

Notes
Turn   | Place    | Note
-------+----------+-------------------------------------------
     0 | D:1      | Spurlaut the Minotaur Berserker began the quest for the
                  | Orb.
     0 | D:1      | Reached XP level 1. HP: 19/19 MP: 0/0
   399 | D:1      | Reached XP level 2. HP: 17/27 MP: 1/1
  1188 | D:2      | Noticed Jessica
  1205 | D:2      | Killed Jessica
  1206 | D:2      | Reached XP level 3. HP: 6/34 MP: 2/2
  1504 | D:2      | Found a sacrificial altar of Ru.
  1956 | D:2      | Reached XP level 4. HP: 41/41 MP: 3/3
  2230 | D:3      | Found a hazy altar of Hepliaklqana.
  2232 | D:3      | Found a shimmering altar of Xom.
  2233 | D:3      | Noticed a spectral ugly thing
  2233 | D:3      | Noticed a yak
  2321 | D:3      | Reached skill level 5 in Fighting
  2466 | D:3      | Reached ** piety under Trog
  2622 | D:3      | Found a bloodstained altar of Trog.
  2710 | D:3      | Found a glowing drain.
  3269 | D:4      | Found a runed translucent door.
  3270 | D:4      | Noticed Crazy Yiuf
  3313 | D:4      | Reached skill level 5 in Axes
  3313 | D:4      | Reached XP level 5. HP: 40/48 MP: 4/4
  3314 | D:4      | Reached skill level 1 in Stealth
  3335 | D:4      | Noticed a two-headed ogre
  3341 | D:4      | Mangled by a two-headed ogre

Illustrated notes

Levels and vault maps discovered:
D:1:      minmay_arrival_diagonal_passages, layout_rooms
D:2:      layout_loops_ring, basic_altar, uniq_jessica
D:3:      layout_rooms, regret_index_temple_of_mockery, bloody_trog,
          portal_sewer_entry_c, chequers_jeans
D:4:      layout_cave_pools, mainiacjoe_overflow_paths, gammafunk_ghost_arena,
          uniq_duvessa, uniq_pikel, uniq_crazy_yiuf_cottage

Skill      XL: |  1  2  3  4  5 |
---------------+----------------+-----
Axes           | 4 5 |  5.0
Fighting       | 4 5 |  5.1
Armour         | 3 |  3.1
Stealth        | 1 |  1.0
Dodging        | |  2.8

Action                   |  1- 3 |  4- 6 || total
-------------------------+-------+-------++-------
Melee: Hand axe          |    58 |    74 ||   132
       Headbutt          |     7 |    16 ||    23
Throw: Stone             |     5 |    11 ||    16
Armor: Leather armour    |    23 |     2 ||    25
       Animal skin       |     1 |       ||     1
       Scale mail        |       |    34 ||    34
Dodge: Dodged            |    35 |    61 ||    96
